 Dungeon Crawl Stone Soup version 0.28.0-53-g5a82cb258f (webtiles) character file.

Game seed: 13446671433875206796

7737 mortz the Geomancer (level 11, -3/54 HPs)
             Began as a Kobold Earth Elementalist on July 17, 2022.
             Was an Initiate of Gozag.
             Slain by a skeletal warrior
             ... wielding a +0 glaive
             ... led by a skeletal warrior
              (27 damage)
             ... on level 10 of the Dungeon.
             The game lasted 01:08:38 (14185 turns).

mortz the Geomancer (Kobold Earth Elementalist)    Turns: 14185, Time: 01:08:39

Health: -3/54      AC:  8    Str:  9    XL:     11   Next: 42%
Magic:  6/32       EV: 17    Int: 21    God:    Gozag
Gold:   996        SH:  0    Dex: 28    Spells: 15/27 levels left

rFire   . . .      SeeInvis .   b - +3 short sword of Ruurisar {drain, Will+, short}
rCold   . . .      Faith    .   (no shield)
rNeg    + . .      Spirit   .   F - +2 leather armour of the Postmodern Spines {rN+ Dex+4}
rPois   .          Reflect  .   (no helmet)
rElec   .          Harm     .   (no cloak)
rCorr   .          Rampage  .   v - +2 pair of gloves {Dex+3}
Will    +....                   (no boots)
Stlth   +++++.....              (no amulet)
HPRegen 0.18/turn               L - ring "Veulogy" {Str+4 Dex+5 Slay+4}
MPRegen 0.23/turn               i - ring of magical power

@: brilliant
A: small, no large weapons, nightstalker 3
a: Renounce Religion, Potion Petition, Call Merchant, Bribe Branch


You were on level 10 of the Dungeon.
You worshipped Gozag.
Gozag was pleased with you.
You visited 1 branch of the dungeon, and saw 10 of its levels.

You collected 1900 gold pieces.
You spent 851 gold pieces at shops.
You paid 53 gold pieces to Gozag.


Innate Abilities, Weirdness & Mutations

You are small and have problems with some larger weapons.
You are completely attuned to the shadows.


   Skills:
 + Level 3.5 Short Blades
 + Level 2.1 Armour
 + Level 4.3 Dodging
 + Level 5.3 Stealth
 + Level 8.9 Spellcasting
 * Level 8.0 Conjurations
 + Level 1.1 Transmutations
 * Level 11.1 Earth Magic


You had 15 spell levels left.
You knew the following spells:

 Your Spells              Type           Power      Damage    Failure   Level
a - Sandblast             Erth           100%       2d20      1%          1
b - Passwall              Tmut/Erth      42%        N/A       1%          2
c - Stone Arrow           Conj/Erth      100%       3d13      1%          3
d - Foxfire               Conj/Fire      100%       2x1d9     1%          1
e - Lee's Rapid Deconstr  Erth           35%        3d19*     2%          5

Your spell library contained the following spells:

 Spells                   Type           Power      Damage    Failure   Level
 Conjure Flame            Conj/Fire      39%        6-21      5%          3
 Sting                    Tmut/Pois      68%        1d6       8%          1
 Petrify                  Tmut/Erth      51%        N/A       8%          4
 Slow                     Hex            56%        N/A       10%         1
 Summon Small Mammal      Summ           56%        N/A       10%         1
 Borgnjor's Vile Clutch   Necr/Erth      24%        N/A       28%         5
 Call Canine Familiar     Summ           14%        N/A       30%         3
 Confusing Touch          Hex            14%        N/A       30%         3
 Inner Flame              Hex/Fire       14%        N/A       30%         3
 Portal Projectile        Hex/Tloc       28%        N/A       30%         3
 Summon Guardian Golem    Hex/Summ       14%        N/A       30%         3
 Vampiric Draining        Necr           14%        2d7       30%         3
 Blade Hands              Tmut           10%        N/A       86%         5
 Excruciating Wounds      Necr           7%         N/A       95%         5
 Ignition                 Fire           7%         3d4       100%        8
 Fire Storm               Conj/Fire      19%        8d5       100%        9

Inventory:

Hand Weapons
 b - the +3 short sword of Ruurisar (weapon) {drain, Will+, short}
   (You found it on level 6 of the Dungeon)

   A truly terrible weapon, it drains the life of any living foe it strikes.
   Will:      It increases your willpower.
 h - a +0 short sword of freezing {short}
   (You took it off a kobold on level 1 of the Dungeon)
 l - a +0 war axe {axe}
   (You took it off an orc on level 3 of the Dungeon)
 y - a +4 spear {polearm}
   (You took it off a wight on level 5 of the Dungeon)
 B - a +3 short sword of venom {short}
   (You took it off a wight on level 5 of the Dungeon)
 M - a +3 flail {mace}
   (You took it off a wight on level 9 of the Dungeon)
Missiles
 c - 81 stones {throwing}
 q - 2 throwing nets {=f!fthrowing}
 t - 16 poisoned darts {throwing}
 x - 2 boomerangs {throwing}
Armour
 v - a +2 pair of gloves of dexterity (worn)
   (You bought it in a shop on level 4 of the Dungeon)
 F - the +2 leather armour of the Postmodern Spines (worn) {rN+ Dex+4}
   (You found it on level 8 of the Dungeon)

   Dex:       It affects your dexterity (+4).
   rN:        It protects you from negative energy.
Jewellery
 g - a +4 ring of protection
   (You found it on level 1 of the Dungeon)
 i - a ring of magical power (right hand)
   (You found it on level 1 of the Dungeon)
 u - a +4 ring of slaying
   (You took it off a kobold on level 4 of the Dungeon)
 z - a ring of fire
   (You found it on level 6 of the Dungeon)
 E - a ring of resist corrosion
   (You found it on level 8 of the Dungeon)
 J - a ring of willpower
   (You found it on level 8 of the Dungeon)
 L - the ring "Veulogy" (left hand) {Str+4 Dex+5 Slay+4}
   (You found it on level 9 of the Dungeon)

   [ring of slaying]

   Str:       It affects your strength (+4).
   Dex:       It affects your dexterity (+5).
   Slay:      It affects your accuracy & damage with ranged weapons and melee
   (+4).
 O - a ring of protection from cold
   (You found it on level 9 of the Dungeon)
Wands
 m - a wand of polymorph (5)
   (You took it off Ijyb on level 2 of the Dungeon)
 A - a wand of acid (6)
   (You found it on level 6 of the Dungeon)
Scrolls
 d - a scroll of fog
 j - 2 scrolls of teleportation {@r4}
 o - 2 scrolls of enchant weapon
 s - 2 scrolls of enchant armour
 H - a scroll of noise {unknown}
Potions
 a - 2 potions of berserk rage {!q}
 e - a potion of mutation {unknown}
 f - 5 potions of curing {@q1}
 k - a potion of magic {unknown}
 n - 2 potions of brilliance
 p - a potion of ambrosia {unknown}
 r - 4 potions of flight
 w - 2 potions of degeneration {unknown}
 C - 2 potions of might {unknown}
 D - a potion of invisibility {unknown}
 G - 2 potions of lignification {unknown}
 K - 2 potions of haste {unknown}
 P - 2 potions of resistance {unknown}

Dungeon Overview and Level Annotations

Branches:
Dungeon (10/15)            Temple (0/1) D:5            Lair (0/6) D:9
    Orc: D:9-12

Altars:
Gozag
Qazlal
Sif Muna
Wu Jian
The Shining One

Shops:
D:1 ?   D:3 ?   D:4 **

Annotations:
D:4 Menkaure
D:5 1 runed translucent door, Dowan; Duvessa; Jackthecabe's ghost, amateur TrHu
D:7 3 runed translucent doors
D:10 1 runed translucent door, Kranky's ghost, journeyman OpFi

.# .# .# .# .# .# .#####
############
.............>...........
....z......$...K@.........
...........)..............
...........$$.#+#z........
.............##.##........
.#######$...##...##...###
.# #...##..W..##..# .#
#...#⌠.?♣!.⌠#..# .#
#.$)##..!..##..# .#
#...)##...##...#


You could see a skeletal warrior and a kobold.


Message History

😎 MP[+2]
You regained 2 mp, and now have 28/32 mp.
The stone arrow misses the kobold.
The kobold shouts!
You hear a shout! 😎 MP[-3]
You lost 3 mp, and now have 25/32 mp.
The stone arrow hits the kobold!!
You kill the kobold!
A kobold comes into view. It is wielding a +0 club. 😎 MP[-3]
You lost 3 mp, and now have 22/32 mp.
The stone arrow misses the kobold. 😎 MP[-3]
You lost 3 mp, and now have 19/32 mp.
The stone arrow hits the kobold!
You kill the kobold! 😎 MP[-2]
You lost 2 mp, and now have 17/32 mp.
A kobold comes into view. It is wielding a +0 dagger.
The stone arrow hits the kobold!!
You kill the kobold! 😎 MP[-3]
You lost 3 mp, and now have 14/32 mp.
A kobold comes into view. It is wielding a +0 whip. 😎 MP[+4]
You regained 4 mp, and now have 18/32 mp.
The stone arrow hits the kobold!
You kill the kobold! 😎 MP[-2]
You lost 2 mp, and now have 16/32 mp.
A skeletal warrior is nearby! 😎 MP[+1]
You now have 982 gold pieces (gained 8).
You see here a +0 dagger {short}. 😎 MP[+1]
You now have 996 gold pieces (gained 14).
c - 81 stones {throwing} (gained 28)
Items here: ))) [. 😎 MP[+1] 😎 MP[+1]
You start resting.
A skeletal warrior is nearby! 😎 MP[+1]
The stone arrow hits the skeletal warrior! 😎 MP[-2]
You lost 2 mp, and now have 19/32 mp.
The stone arrow hits the skeletal warrior. 😎 MP[-3]
You lost 3 mp, and now have 16/32 mp.
The stone arrow misses the skeletal warrior.
The skeletal warrior barely misses you. 😎 MP[-3]
You lost 3 mp, and now have 13/32 mp.
The stone arrow hits the skeletal warrior.
The skeletal warrior closely misses you. 😎 MP[-3]
You lost 3 mp, and now have 10/32 mp.
The stone arrow hits the skeletal warrior but does no damage.
The skeletal warrior hits you from afar with a +0 glaive! 😮 HP[-17] MP[-2]
You take 17 damage, and now have 37/54 hp.
MASSIVE DAMAGE!! (PAUSE)
You lost 2 mp, and now have 8/32 mp.
You are too injured to fight recklessly!
Aiming: Stone Arrow (safe; 1% risk of failure)
Press: ? - help, Q - select action, (/) - cycle Shift-Dir - straight line, f/p - skeletal warrior
Aim: a skeletal warrior, wielding a +0 glaive (moderately damaged, 76% to hit)
The stone arrow hits the skeletal warrior!
The skeletal warrior closely misses you. 😮 MP[-3]
You lost 3 mp, and now have 5/32 mp.
Aiming: Stone Arrow (safe; 1% risk of failure)
Press: ? - help, Q - select action, (/) - cycle Shift-Dir - straight line, f/p - skeletal warrior
Aim: a skeletal warrior, wielding a +0 glaive (moderately damaged, 76% to hit)
The stone arrow hits the skeletal warrior!
The skeletal warrior misses you. 😮 MP[-3]
You lost 3 mp, and now have 2/32 mp.
You don't have enough magic to cast this spell.
You feel clever all of a sudden.
The skeletal warrior hits you from afar with a +0 glaive!
* * * LOW HITPOINT WARNING * * *
😨 HP[-16]
You take 16 damage, and now have 21/54 hp.
MASSIVE DAMAGE!! (PAUSE)
The skeletal warrior misses you.
The skeletal warrior misses you. 😨 HP[+1] MP[+1]
A kobold comes into view.
It is wielding a +0 club and quivering poisoned darts. 😨 MP[+1] 😨 HP[+1] 😨 MP[+1]
Found a stone staircase leading down. 😨 HP[+1]
The kobold shouts!
You hit the kobold.
The skeletal warrior hits you from afar with a +0 glaive!!
Ouch! That really hurt!
You die...
Your body crumbles into a pile of gold.

Skill      XL: |  1  2  3  4  5  6  7  8  9 10 11 |
---------------+----------------------------------+-----
Stealth        | 3 4 5 |  5.3
Spellcasting   | 3 4 5 6 7 8 |  8.9
Earth Magic    | 4 5 6 7 9 10 11 | 11.1
Conjurations   | 1 2 4 5 7 8 |  8.0
Short Blades   | 3 |  3.5
Dodging        | 3 4 |  4.3
Armour         | 1 2 |  2.1
Transmutations | |  1.1

Action                   |  1- 3 |  4- 6 |  7- 9 | 10-12 || total
-------------------------+-------+-------+-------+-------++-------
Melee: Trident           |     4 |       |       |       ||     4
       Unarmed           |     3 |       |       |       ||     3
       Short sword       |       |    10 |     8 |    29 ||    47
 Cast: Sandblast         |    35 |    72 |    31 |       ||   138
       Passwall          |       |     2 |       |     1 ||     3
       Stone Arrow       |       |       |    89 |   148 ||   237
       Lee's Rapid Decon |       |       |       |     5 ||     5
       Foxfire           |       |       |       |     1 ||     1
  Use: Scroll            |       |    10 |     5 |     6 ||    21
       Potion            |       |       |       |     4 ||     4
 Stab: Sleeping          |       |     3 |     2 |     2 ||     7
Armor: Robe              |       |     3 |     7 |     7 ||    17
       Leather armour    |       |       |       |    17 ||    17
Dodge: Dodged            |     6 |    14 |    32 |   115 ||   167

Levels and vault maps discovered:
D:1:      lemuel_arrival_funnel, layout_rooms, serial_shops,
          nicolae_shop_crystal, basic_ecumenical_altar
D:2:      kennysheep_the_goblin_king, layout_basic, basic_altar
D:3:      layout_loops_corners, serial_shops, nicolae_shop_statue_plus,
          minmay_misc_feat_five
D:4:      layout_cave_pools, nicolae_sif_muna_little_library,
          nicolae_specific_store, uniq_menkaure
D:5:      layout_cave_pools, temple_fountains, ebering_ghost_sewer_f,
          chequers_serial_rivers_room_a, minmay_misc_feat_pillars, uniq_duvessa
D:6:      layout_basic, mainiacjoe_overflow_concentric_impassable,
          grunt_decor_mini_mirrors
D:7:      layout_basic, mainiacjoe_overflow_cross_hatched,
          gammafunk_ghost_necromancy, uniq_pikel
D:8:      wander_river, layout_basic, nicolae_wu_jian_glorious_leap
D:9:      layout_long_grid, lair_entry_dummy
D:10:     layout_cross, hellmonk_ghost_happy_afterlife

Notes
Turn   | Place    | Note
-------+----------+-------------------------------------------
     0 | D:1      | mortz the Kobold Earth Elementalist began the quest for the
                  | Orb.
     0 | D:1      | Reached XP level 1. HP: 10/10 MP: 3/3
     0 | D:1      | magus.rc [v1.9.6]
    83 | D:1      | You pick up a book of Callings and begin reading...
    83 | D:1      | You add the spells Summon Small Mammal, Call Canine
                  | Familiar and Summon Guardian Golem to your library.
   218 | D:1      | Reached skill level 3 in Stealth
   218 | D:1      | Reached XP level 2. HP: 15/15 MP: 3/5
   354 | D:1      | Found a faded altar of an unknown god.
   430 | D:1      | Found Itoisiwk's Magic Scroll Boutique.
   892 | D:2      | Noticed Ijyb
   927 | D:2      | Reached XP level 3. HP: 19/19 MP: 6/6
   930 | D:2      | Learned a level 2 spell: Passwall
   934 | D:2      | Learned a level 3 spell: Stone Arrow
  1122 | D:2      | Found an opulent altar of Gozag.
  1127 | D:2      | Became a worshipper of Gozag Ym Sagoz the Greedy
  1663 | D:2      | Killed Ijyb
  1664 | D:2      | Reached XP level 4. HP: 24/24 MP: 8/8
  1777 | D:2      | Reached skill level 3 in Spellcasting
  2061 | D:3      | Reached skill level 4 in Earth Magic
  2178 | D:3      | Reached XP level 5. HP: 28/28 MP: 9/9
  2478 | D:3      | Found Siph's Magic Scroll Boutique.
  2898 | D:3      | Reached skill level 4 in Spellcasting
  3439 | D:4      | Reached skill level 1 in Conjurations
  3439 | D:4      | Reached XP level 6. HP: 32/32 MP: 12/12
  3702 | D:4      | Found a shimmering blue altar of Sif Muna.
  3753 | D:4      | Got Sif Muna's Collected Works on Poison
  3755 | D:4      | Got Sif Muna's Catalogue of the Arsonist
  3758 | D:4      | Got Sif Muna's Compendium of the Mountains
  3916 | D:4      | Noticed Menkaure
  3934 | D:4      | Noticed an ogre
  3939 | D:4      | Killed an ogre
  3940 | D:4      | Reached skill level 2 in Conjurations
  3940 | D:4      | Reached skill level 5 in Earth Magic
  4091 | D:4      | Found Vaomaef's Specific Store.
  4092 | D:4      | Found Jiacoen's General Store.
  4100 | D:4      | Bought a +2 pair of gloves of dexterity for 279 gold pieces
  4195 | D:5      | Entered Level 5 of the Dungeon
  4195 | D:5      | Noticed a necrophage
  4298 | D:5      | Reached XP level 7. HP: 32/36 MP: 13/13
  4348 | D:5      | Noticed Duvessa
  4414 | D:5      | Found a runed translucent door.
  4597 | D:5      | Found a runed translucent door.
  4625 | D:5      | Reached skill level 5 in Spellcasting
  4763 | D:5      | Reached skill level 6 in Earth Magic
  4883 | D:5      | Reached XP level 8. HP: 41/41 MP: 15/15
  5228 | D:5      | Reached skill level 3 in Conjurations
  5228 | D:5      | Reached skill level 7 in Earth Magic
  5339 | D:5      | Noticed Dowan
  5434 | D:5      | Reached skill level 4 in Stealth
  5632 | D:5      | Found a staircase to the Ecumenical Temple.
  5812 | D:5      | Noticed Jackthecabe's ghost (amateur TrHu)
  6145 | D:6      | Reached skill level 6 in Spellcasting
  6216 | D:6      | You pick up a book of Debilitation and begin reading...
  6216 | D:6      | You add the spells Slow, Vampiric Draining and Confusing
                  | Touch to your library.
  6259 | D:6      | Learned a level 1 spell: Foxfire
  6414 | D:6      | Reached skill level 4 in Conjurations
  6414 | D:6      | Reached XP level 9. HP: 45/45 MP: 18/18
  6714 | D:6      | Found a glowing golden altar of the Shining One.
  6723 | D:6      | Identified the +3 short sword of Ruurisar {drain, Will+}
  6977 | D:1      | Bought a scroll of acquirement for 572 gold pieces
  6982 | D:1      | Acquired the Volume of Igneous Stones
  6983 | D:1      | You add the spells Conjure Flame, Inner Flame, Lee's Rapid
                  | Deconstruction, Borgnjor's Vile Clutch, Ignition and Fire
                  | Storm to your library.
  6984 | D:1      | magus.rc [v1.9.6]
  7442 | D:7      | Reached skill level 8 in Earth Magic
  7656 | D:7      | HP: 11/45 [poisoned by a killer bee]
  7659 | D:7      | Reached skill level 5 in Conjurations
  7661 | D:7      | HP: 7/45 [poisoned by a killer bee]
  8234 | D:7      | Found a runed translucent gate.
  8303 | D:7      | Found a runed translucent gate.
  8304 | D:7      | Found a runed translucent gate.
  8359 | D:7      | Noticed Pikel
  8387 | D:7      | Killed Pikel
  8388 | D:7      | Reached skill level 9 in Earth Magic
  8581 | D:7      | Reached skill level 7 in Spellcasting
  8675 | D:7      | Found a stormy altar of Qazlal.
  8986 | D:8      | Reached XP level 10. HP: 50/50 MP: 20/20
  9310 | D:8      | Reached skill level 6 in Conjurations
  9312 | D:8      | Reached skill level 1 in Short Blades
  9491 | D:8      | Reached skill level 3 in Dodging
  9491 | D:8      | Reached skill level 5 in Stealth
  9494 | D:8      | Reached skill level 2 in Short Blades
  9667 | D:8      | You pick up a book of Weapons and begin reading...
  9667 | D:8      | You add the spells Portal Projectile, Excruciating Wounds
                  | and Blade Hands to your library.
  9674 | D:8      | Learned a level 5 spell: Lee's Rapid Deconstruction
  9689 | D:8      | Found an ornate altar of the Wu Jian Council.
  9738 | D:8      | Reached skill level 10 in Earth Magic
  9773 | D:8      | Identified the +2 leather armour of the Postmodern Spines
                  | {rN+ Dex+4}
 11068 | D:9      | Found a staircase to the Lair.
 11172 | D:9      | Identified the ring "Veulogy" {Str+4 Dex+5 Slay+4}
 11183 | D:9      | Reached skill level 3 in Short Blades
 11257 | D:9      | Reached skill level 7 in Conjurations
 11682 | D:9      | Reached skill level 8 in Spellcasting
 11782 | D:9      | Reached skill level 1 in Armour
 12292 | D:10     | Entered Level 10 of the Dungeon
 12312 | D:10     | HP: 11/50 [killer bee (5)]
 12317 | D:10     | HP: 6/50 [orc wizard/puff of flame (11)]
 12323 | D:10     | Noticed a skeletal warrior
 12611 | D:9      | Reached XP level 11. HP: 35/54 MP: 22/23
 12740 | D:10     | Noticed a skeletal warrior
 13361 | D:9      | Reached skill level 4 in Dodging
 13432 | D:10     | Noticed a skeletal warrior
 13711 | D:9      | Killed a skeletal warrior
 13712 | D:9      | Reached skill level 2 in Armour
 13816 | D:10     | Killed a skeletal warrior
 13817 | D:10     | Reached skill level 11 in Earth Magic
 13819 | D:10     | Reached skill level 8 in Conjurations
 14147 | D:10     | Noticed Kranky's ghost (journeyman OpFi)
 14181 | D:10     | Found a runed translucent door.
 14185 | D:10     | Slain by a skeletal warrior

Vanquished Creatures
  2 skeletal warriors
  Pikel (D:7)
  13 yaks
  2 wraiths
  A steam dragon (D:6)
  An acid dragon (D:8)
  An ice beast (D:6)
  3 orc warriors
  A hornet zombie (D:7)
  2 necrophages (D:5)
  4 ogres
  2 centaurs
  A lemure (D:7)
  A phantom (D:5)
  A kobold brigand (D:10)
  5 bullfrogs
  3 scorpions (D:5)
  A gnoll sergeant (D:7)
  13 killer bees
  9 wights
  3 howler monkeys (D:7)
  2 hounds
  6 orc priests
  2 centaur skeletons
  2 jellies
  2 iguanas
  Ijyb (D:2)
  8 orc wizards
  A hound skeleton (D:3)
  10 gnolls
  A howler monkey skeleton (D:6)
  4 adders
  A white imp (D:6)
  An ufetubus (D:6)
  4 worms
  2 dart slugs
  35 orcs
  3 endoplasms
  A giant cockroach (D:4)
  6 hobgoblins
  3 jackals (D:5)
  3 quokkas
  8 ball pythons
  5 bats
  9 goblins
  12 kobolds
202 creatures vanquished.

Vanquished Creatures (others)
  A foxfire (D:10)
1 creature vanquished.

Grand Total: 203 creatures vanquished

Table legend:
 A = Non-vault XP
 B = Vault XP
 C = Vault XP percentage of total XP
 D = Non-vault monster count
 E = Vault monster count
 F = Vault count percentage of total count
                 A         B        C        D         E       F
            +---------+---------+-------+---------+---------+-------
      Total |   10309 |     745 |   6.7 |     192 |       9 |   4.5
            +---------+---------+-------+---------+---------+-------
        D:1 |      20 |       0 |   0.0 |      13 |       0 |   0.0
        D:2 |      28 |      46 |  62.2 |       8 |       7 |  46.7
        D:3 |     169 |       0 |   0.0 |      22 |       0 |   0.0
        D:4 |     227 |       0 |   0.0 |      16 |       0 |   0.0
        D:5 |    1079 |       2 |   0.2 |      23 |       1 |   4.2
        D:6 |     799 |       0 |   0.0 |      12 |       0 |   0.0
        D:7 |     808 |     697 |  46.3 |      16 |       1 |   5.9
        D:8 |    2335 |       0 |   0.0 |      33 |       0 |   0.0
        D:9 |    3527 |       0 |   0.0 |      27 |       0 |   0.0
       D:10 |    1317 |       0 |   0.0 |      22 |       0 |   0.0
            +---------+---------+-------+---------+---------+-------

Illustrated notes

Table legend:
 A = Kills in this place as a percentage of kills in entire the game.
 B = Kills by you in this place as a percentage of kills by you in the entire game.
 C = Kills by friends in this place as a percentage of kills by friends in the entire game.
 D = Other kills in this place as a percentage of other kills in the entire game.
 E = Experience gained in this place as a percentage of experience gained in the entire game.
 F = Experience gained in this place divided by the number of levels of this place that you have seen.
                   A       B       C       D       E      F
               +-------+-------+-------+-------+-------+----------------------
         Total | 100.0 | 100.0 |   N/A |   N/A | 100.0 | 1105.4
       Dungeon | 100.0 | 100.0 |   N/A |   N/A | 100.0 | 1105.4
               +-------+-------+-------+-------+-------+----------------------

Table legend: (Time is in decaauts)
 A = Elapsed time spent in this place.
 B = Non-inter-level travel time spent in this place.
 C = Inter-level travel time spent in this place.
 D = Time resting spent in this place.
 E = Time spent auto-exploring this place.
 F = Levels seen in this place.
 G = Mean time per level.
                   A        B        C        D        E       F      G
               +--------+--------+--------+--------+--------+-----+--------+
         Total |  14225 |  12980 |   1245 |    140 |  10927 |  10 | 1422.5 |
       Dungeon |  14225 |  12980 |   1245 |    140 |  10927 |  10 | 1422.5 |
               +--------+--------+--------+--------+--------+-----+--------+

Top non-repeatable levels by time:
     D:9: 2280 daAuts
     D:7: 2079 daAuts
     D:8: 1883 daAuts
     D:5: 1620 daAuts
     D:3: 1411 daAuts
     D:6: 1388 daAuts
     D:2: 1332 daAuts
     D:4: 911 daAuts
     D:1: 756 daAuts
    D:10: 560 daAuts
